[Event "Titled Tuesday Blitz June 28 Early 2022"]
[White "Oparin, Grigoriy"]
[Black "Weishaeutel, Moritz"]
[WhiteFideId "24125890"]
[BlackFideId "12967300"]
[WhiteElo "2639"]
[BlackElo "2002"]
[Result "1-0"]
[Round "01"]
[TimeControl "180+1"]
[Date "2022.06.28"]
[WhiteClock "0:02:32"]
[BlackClock "0:00:33"]

1. e4 c5 2. Nc3 a6 3. Nf3 d6 4. d4 cxd4 5. Nxd4 Nf6 6. h3 e6 7. g4 Be7 8. g5 Nfd7 9. h4 b5 10. a3 Bb7 11. Be3 Nc6 12. Nxc6 Bxc6 13. Qd4 O-O 14. O-O-O f5 15. gxf6 Nxf6 16. Rg1 e5 17. Qd3 Qd7 18. Bh6 Rf7 19. Bh3 Qe8 20. Be6 Bf8 21. Bxf7+ Qxf7 22. f4 exf4 23. Bxf4 Nxe4 24. Rdf1 Nxc3 25. Qxc3 Qd7 26. Bh6 g6 27. Rxf8+ Rxf8 28. Bxf8 Kxf8 29. Qh8+ Ke7 30. Qxh7+ Kd8 31. Qxd7+ Kxd7 32. Rxg6 Be4 33. Rg7+ Ke6 34. h5 Kf6 35. h6 a5 36. Ra7 b4 37. h7 1-0


[Site "https://www.chess.com"]

[Event "Titled Tuesday Blitz June 28 Early 2022"]
[White "Orlov, Georgi"]
[Black "Hakobyan, Aram"]
[WhiteFideId "2011271"]
[BlackFideId "13306677"]
[WhiteElo "2501"]
[BlackElo "2557"]
[Result "1-0"]
[Round "01"]
[TimeControl "180+1"]
[Date "2022.06.28"]
[WhiteClock "0:00:17"]
[BlackClock "0:00:18"]

1. d4 c6 2. c4 d5 3. Nf3 Nf6 4. Nc3 dxc4 5. a4 Bf5 6. e3 e6 7. Bxc4 Bb4 8. O-O O-O 9. Qe2 Bg6 10. Ne5 Nbd7 11. Nxg6 hxg6 12. Rd1 Qc7 13. e4 e5 14. dxe5 Nxe5 15. Bb3 Rad8 16. Bg5 a5 17. h3 Rfe8 18. f4 Rxd1+ 19. Rxd1 Nh7 20. Bh4 g5 21. fxe5 Bxc3 22. bxc3 gxh4 23. e6 Qb6+ 24. Qf2 Qxf2+ 25. Kxf2 fxe6 26. Rd7 Nf6 27. Rxb7 Nxe4+ 28. Kf3 Nc5 29. Rb6 Kf7 30. Bc2 Rc8 31. Kg4 Ke7 32. Kxh4 Kd6 33. Rb1 e5 34. Rd1+ Ke6 35. Kg5 Rf8 36. g4 Rf2 37. Bf5+ Ke7 38. Kg6 e4 39. Re1 Rf4 40. Kg5 Rf3 41. Bxe4 Rxc3 42. Bxc6+ Kd6 43. Bb5 Rxh3 44. Kg6 Rg3 45. g5 Ne6 46. Rd1+ Ke5 47. Re1+ Kd6 48. Rd1+ Kc5 49. Re1 Rxg5+ 50. Kf7 Nd4 51. Bd7 Nf3 52. Rb1 Ne5+ 53. Ke6 Kd4 54. Bb5 Nf3 55. Rc1 Ke3 56. Rc3+ Kf4 57. Rc4+ Ke3 58. Rc3+ Kf2 59. Rc2+ Kg3 60. Rc3 Re5+ 61. Kd6 Kf4 62. Rxf3+ Kxf3 63. Kxe5 g5 64. Bc6+ Ke3 65. Kf5 Kd4 66. Kxg5 Kc5 67. Bb5 Kd6 68. Kf4 Kc7 69. Ke3 Kb8 70. Kd4 Ka8 71. Kc5 Ka7 72. Kc6 Ka8 73. Kb6 Kb8 74. Kxa5 Ka8 75. Kb4 Kb8 76. Kc5 Ka8 77. Kb6 Kb8 78. a5 Ka8 79. a6 Kb8 80. a7+ Ka8 81. Bc6# 1-0


[Site "https://www.chess.com"]

[Event "Titled Tuesday Blitz June 28 Early 2022"]
[White "Ouellet, Maili-Jade"]
[Black "Alinasab, Mobina"]
[WhiteFideId "2620472"]
[BlackFideId "12528897"]
[WhiteElo "1899"]
[BlackElo "2031"]
[Result "1/2-1/2"]
[Round "01"]
[TimeControl "180+1"]
[Date "2022.06.28"]
[WhiteClock "0:00:06"]
[BlackClock "0:00:04"]

1. d4 d5 2. c4 e6 3. Nc3 c5 4. e3 Nf6 5. Nf3 a6 6. a3 Nc6 7. dxc5 Bxc5 8. b4 Ba7 9. Bb2 O-O 10. Qc2 d4 11. exd4 Nxd4 12. Nxd4 Bxd4 13. Bd3 e5 14. O-O Be6 15. Rac1 Rc8 16. c5 Qc7 17. Rfe1 Rfd8 18. Bf5 Qd7 19. Bxe6 Qxe6 20. Na4 Bxb2 21. Qxb2 e4 22. Nb6 Rb8 23. Nc4 Rd3 24. Qe2 Qd5 25. a4 Rd8 26. Nd6 Rd2 27. Qe3 Rd4 28. b5 axb5 29. axb5 h6 30. Qh3 Rd3 31. g3 Rd2 32. Qg2 Qd4 33. Nxe4 Nxe4 34. Rxe4 Qb2 35. Ree1 Qxb5 36. Qf3 Rb2 37. c6 bxc6 38. Rxc6 Qb7 39. Rc3 Qxf3 40. Rxf3 Rd7 41. Rfe3 g6 42. Kg2 Kg7 43. R3e2 h5 44. h4 Rxe2 45. Rxe2 Rd6 46. Re3 Rf6 47. Rf3 Rxf3 48. Kxf3 Kf6 49. Kf4 Kg7 50. Kg5 f6+ 51. Kf4 Kf7 52. Ke4 1/2-1/2


[Site "https://www.chess.com"]

[Event "Titled Tuesday Blitz June 28 Early 2022"]
[White "Ozates, Tuna"]
[Black "Melkumyan, Hrant"]
[WhiteFideId "6354521"]
[BlackFideId "13302485"]
[WhiteElo "1887"]
[BlackElo "2604"]
[Result "0-1"]
[Round "01"]
[TimeControl "180+1"]
[Date "2022.06.28"]
[WhiteClock "0:01:27"]
[BlackClock "0:01:00"]

1. e4 c6 2. d4 d5 3. exd5 cxd5 4. c4 Nf6 5. Nc3 e6 6. a3 Nc6 7. Nf3 Be7 8. cxd5 Nxd5 9. Bd3 O-O 10. O-O Bf6 11. Re1 Nce7 12. Bc2 b6 13. Ne4 Bb7 14. Qd3 Ng6 15. Nxf6+ Nxf6 16. Bg5 h6 17. Bxf6 Qxf6 18. Ne5 Rad8 19. Nxg6 fxg6 20. Qxg6 Qxf2+ 21. Kh1 Rf6 22. Qh7+ Kf7 23. Be4 Rh8 24. Qxh8 Bxe4 25. Rg1 Rg6 0-1


[Site "https://www.chess.com"]

[Event "Titled Tuesday Blitz June 28 Early 2022"]
[White "Ozdemir, Serhan Berat"]
[Black "Jones, Gawain C B"]
[WhiteFideId "6374611"]
[BlackFideId "409561"]
[WhiteElo "1920"]
[BlackElo "2657"]
[Result "0-1"]
[Round "01"]
[TimeControl "180+1"]
[Date "2022.06.28"]
[WhiteClock "0:00:01"]
[BlackClock "0:00:49"]

1. e4 c5 2. Nf3 g6 3. d4 cxd4 4. Qxd4 Nf6 5. e5 Nc6 6. Qa4 Nd5 7. Qe4 Nc7 8. Nc3 Bg7 9. Bc4 Rb8 10. Bb3 Ne6 11. Be3 Qa5 12. O-O Nxe5 13. Nd5 Nc6 14. Qh4 h6 15. c3 d6 16. Rfe1 g5 17. Qh5 Ne5 18. Nxe5 Bxe5 19. Rad1 Bd7 20. Bd4 Bxd4 21. cxd4 Rc8 22. Ne3 Rh7 23. g3 Nxd4 24. Nc4 Qd5 25. Ne3 Qf3 26. Rxd4 Qxh5 27. Nd5 Be6 0-1


[Site "https://www.chess.com"]

[Event "Titled Tuesday Blitz June 28 Early 2022"]
[White "Perez Gormaz, Matias"]
[Black "Dwilewicz, Katarzyna"]
[WhiteFideId "3406342"]
[BlackFideId "1148486"]
[WhiteElo "2341"]
[BlackElo "1907"]
[Result "0-1"]
[Round "01"]
[TimeControl "180+1"]
[Date "2022.06.28"]
[WhiteClock "0:00:05"]
[BlackClock "0:00:05"]

1. e4 c5 2. Nf3 d6 3. Bb5+ Bd7 4. Bxd7+ Qxd7 5. c4 Nc6 6. Nc3 Nf6 7. d4 cxd4 8. Nxd4 g6 9. O-O Bg7 10. h3 O-O 11. Be3 Rac8 12. Rc1 Nxd4 13. Bxd4 Rxc4 14. Bxa7 Nxe4 15. Nd5 Rxc1 16. Qxc1 e6 17. Ne3 Rc8 18. Qe1 Bxb2 19. Qb4 b5 20. Qxb2 Qxa7 21. Qxb5 d5 22. Ng4 h5 23. Ne5 Qc7 24. Nf3 Rb8 25. Qe2 Qc3 26. a4 Rb2 27. Qd1 Qc5 28. Qe1 Ra2 29. h4 Rxa4 30. Ng5 Nxg5 31. hxg5 Rg4 32. Qe5 Qd4 33. Qd6 Kg7 34. Qa3 Rxg5 35. Qf3 Rf5 36. Qe2 h4 37. Re1 Qf6 38. Qe3 e5 39. Qd3 e4 40. Qd2 Re5 41. Qd4 Rg5 42. Qd2 Rg4 43. Qe2 Qf3 44. Qf1 Qf4 45. Kh1 Qg5 46. Re3 Rf4 47. Rh3 Qf5 48. Kg1 d4 49. Qa1 Qe5 50. Qd1 d3 51. Re3 Rf5 52. Qd2 Rf4 53. Qe1 Rg4 54. Kf1 Qg5 55. Rxe4 Rxg2 56. Qa1+ Kh7 57. Qe5 Rg1# 0-1


[Site "https://www.chess.com"]

[Event "Titled Tuesday Blitz June 28 Early 2022"]
[White "Perez Leiva, Jerzy Jesus"]
[Black "Beerdsen, Thomas"]
[WhiteFideId "3524337"]
[BlackFideId "1030108"]
[WhiteElo "2287"]
[BlackElo "2585"]
[Result "0-1"]
[Round "01"]
[TimeControl "180+1"]
[Date "2022.06.28"]
[WhiteClock "0:00:01"]
[BlackClock "0:00:09"]

1. e4 c5 2. Nf3 Nc6 3. Bb5 Na5 4. c3 a6 5. Ba4 b5 6. Bc2 Bb7 7. O-O Nf6 8. Re1 c4 9. b4 Nc6 10. e5 Nd5 11. Ng5 e6 12. d4 cxd3 13. Qf3 f5 14. exf6 Qxf6 15. Qxd3 O-O-O 16. Ne4 Qh4 17. Bg5 Qh5 18. Bxd8 Kxd8 19. Qg3 Qe5 20. Qxe5 Nxe5 21. Ng5 h6 22. Nxe6+ dxe6 23. Rxe5 Kd7 24. a4 Bd6 25. Re1 bxa4 26. Bxa4+ Kc7 27. Nd2 Rc8 28. Ne4 Be7 29. Rab1 Nf4 30. Rbd1 Kb8 31. Bd7 Rd8 32. f3 Bd5 33. g3 Ng6 34. Ba4 Ne5 35. Kg2 Rf8 36. f4 Nc4 37. Kf2 Nb2 38. Ra1 Nd3+ 39. Ke3 Nxe1 40. Rxe1 Rc8 41. Rc1 g5 42. Bd1 gxf4+ 43. gxf4 e5 44. Bf3 exf4+ 45. Kd4 Bb7 46. Ra1 Rd8+ 47. Ke5 Rf8 48. Nc5 Bxf3 49. Nd7+ Kc7 50. Nxf8 Bxf8 51. Kxf4 Be2 52. Re1 Bb5 53. Rg1 Kd6 54. Rg6+ Kd5 55. Rf6 Bg7 56. Rf7 Bxc3 0-1


[Site "https://www.chess.com"]

[Event "Titled Tuesday Blitz June 28 Early 2022"]
[White "Pham, Tran Gia Phuc"]
[Black "Sargsyan, Anna M."]
[WhiteFideId "12415669"]
[BlackFideId "13308130"]
[WhiteElo "1789"]
[BlackElo "2271"]
[Result "1-0"]
[Round "01"]
[TimeControl "180+1"]
[Date "2022.06.28"]
[WhiteClock "0:00:38"]
[BlackClock "0:00:03"]

1. c4 c6 2. Nc3 d5 3. g3 Nf6 4. Bg2 dxc4 5. Nf3 Bf5 6. O-O Nbd7 7. Nh4 Bg4 8. h3 Bh5 9. g4 Bg6 10. Nxg6 hxg6 11. b3 cxb3 12. Qxb3 e6 13. Qxb7 Nd5 14. Qxc6 Rc8 15. Qa4 Nb6 16. Qxa7 Bc5 17. Ba3 O-O 18. Bxc5 Nxc5 19. Qa5 Qxd2 20. Rfd1 Nc4 21. Qb4 Na6 22. Qxf8+ Kxf8 23. Rxd2 Nxd2 24. Bb7 Rxc3 25. Bxa6 Ra3 26. Bd3 Nb3 27. Rb1 Nc5 28. Bc4 Ne4 29. Rb3 Ra4 30. Rb8+ Ke7 31. Rb7+ Kf6 32. Bb3 Ra3 33. f4 g5 34. e3 Nc5 35. Rb5 Nxb3 36. fxg5+ Kg6 37. axb3 Ra1+ 38. Kg2 Re1 39. h4 Rxe3 40. h5+ Kh7 41. b4 Rb3 42. Rb7 e5 43. b5 e4 44. b6 Rb5 45. Rxf7 Rxg5 46. b7 Rb5 47. g5 Rxg5+ 48. Kf2 Rb5 49. Ke3 Kg8 50. Rc7 Kh7 51. Kxe4 Rb1 52. Kd5 Kh6 53. Ke6 Kxh5 54. Rxg7 Re1+ 55. Kd7 Rd1+ 56. Kc8 Rb1 57. b8=Q 1-0


[Site "https://www.chess.com"]

[Event "Titled Tuesday Blitz June 28 Early 2022"]
[White "Piesik, Piotr"]
[Black "Bychkov, Vladimir"]
[WhiteFideId "1136194"]
[BlackFideId "24151513"]
[WhiteElo "2247"]
[BlackElo "2197"]
[Result "1-0"]
[Round "01"]
[TimeControl "180+1"]
[Date "2022.06.28"]
[WhiteClock "0:00:13"]
[BlackClock "0:00:10"]

1. Nf3 Nf6 2. g3 d5 3. Bg2 c6 4. O-O h6 5. d3 Bf5 6. Nbd2 e6 7. Qe1 Be7 8. e4 Bh7 9. Qe2 Na6 10. b3 O-O 11. Bb2 Nd7 12. Kh1 Bf6 13. e5 Be7 14. Ne1 f5 15. exf6 Bxf6 16. Qxe6+ Kh8 17. Bxf6 Rxf6 18. Qe2 Qa5 19. f4 Qc3 20. Rd1 Nb4 21. a3 Na2 22. Ndf3 Qb2 23. Qf2 Nc3 24. Rd2 Re8 25. Bh3 Nb6 26. Qd4 Bf5 27. Bxf5 Rxf5 28. Ng2 Rf7 29. Ne5 Rf6 30. Rdf2 Nd1 31. Qxb2 Nxb2 32. d4 a5 33. Rb1 c5 34. Rxb2 cxd4 35. Nd3 Rfe6 36. Rb1 Re2 37. Re1 Rxe1+ 38. Ngxe1 a4 39. bxa4 Nxa4 40. Kg2 Nc3 41. Kf1 Ne4 42. Re2 Ra8 43. Nf2 Nc3 44. Re7 b5 45. Nf3 Rxa3 46. Nxd4 b4 47. Nd3 Ra1+ 48. Kg2 Rd1 49. Nf5 Rd2+ 50. Kh3 Rxc2 51. Nxb4 Rb2 52. Nd3 Rd2 53. Ne5 Ne4 54. Ng6+ Kg8 55. Rxg7# 1-0


[Site "https://www.chess.com"]

[Event "Titled Tuesday Blitz June 28 Early 2022"]
[White "Piliczewski, Bogusz"]
[Black "Ingebretsen, Jens E"]
[WhiteFideId "1104144"]
[BlackFideId "1522965"]
[WhiteElo "1896"]
[BlackElo "2036"]
[Result "0-1"]
[Round "01"]
[TimeControl "180+1"]
[Date "2022.06.28"]
[WhiteClock "0:00:37"]
[BlackClock "0:02:11"]

1. d4 Nf6 2. Nf3 d5 3. Bf4 c5 4. c3 Nc6 5. e3 e6 6. Nbd2 Bd6 7. Ne5 O-O 8. Bd3 Ne7 9. Qe2 b6 10. h4 Bb7 11. g4 Ne4 12. f3 Nxd2 13. Kxd2 f6 14. Bxh7+ Kxh7 15. Qd3+ Kg8 16. Ng6 Nxg6 17. Bxd6 Qxd6 18. Qxg6 cxd4 19. exd4 Qf4+ 20. Ke2 Ba6+ 21. Kf2 Qd2+ 22. Kg3 Bd3 23. Qh5 e5 24. dxe5 fxe5 25. Qxe5 Rxf3+ 26. Kxf3 Be4+ 27. Qxe4 dxe4+ 28. Kxe4 Re8+ 29. Kf5 Qf2+ 30. Kg6 Qf6+ 31. Kh5 Qh6# 0-1


[Site "https://www.chess.com"]

[Event "Titled Tuesday Blitz June 28 Early 2022"]
[White "Preotu, Razvan"]
[Black "Mestnikov, Aisen"]
[WhiteFideId "2613280"]
[BlackFideId "34130117"]
[WhiteElo "2407"]
[BlackElo "2027"]
[Result "1-0"]
[Round "01"]
[TimeControl "180+1"]
[Date "2022.06.28"]
[WhiteClock "0:01:56"]
[BlackClock "0:01:00"]

1. e4 e5 2. Nf3 Nc6 3. Bc4 Bc5 4. c3 a5 5. d4 exd4 6. cxd4 Bb4+ 7. Nc3 Nf6 8. e5 Ne4 9. O-O Nxc3 10. bxc3 d5 11. exd6 Bxd6 12. Re1+ Ne7 13. Ng5 Rf8 14. Qh5 g6 15. Qxh7 1-0


[Site "https://www.chess.com"]

[Event "Titled Tuesday Blitz June 28 Early 2022"]
[White "Przybylski, Wojciech"]
[Black "Nakamura, Hikaru"]
[WhiteFideId "1117599"]
[BlackFideId "2016192"]
[WhiteElo "2133"]
[BlackElo "2850"]
[Result "0-1"]
[Round "01"]
[TimeControl "180+1"]
[Date "2022.06.28"]
[WhiteClock "0:00:01"]
[BlackClock "0:01:04"]

1. e4 g6 2. d4 Bg7 3. Nc3 a6 4. a4 b6 5. Nf3 Bb7 6. Bd3 e6 7. O-O d6 8. Re1 Nd7 9. Bg5 Ne7 10. Qd2 h6 11. Be3 g5 12. h3 Ng6 13. Rad1 O-O 14. d5 Nde5 15. Nd4 Qf6 16. Bf1 Rae8 17. Nb1 exd5 18. exd5 Bxd5 19. Bxa6 Bxg2 20. Kxg2 Nh4+ 21. Kf1 Nef3 22. Nxf3 Qxf3 23. Qd5 Qxh3+ 24. Ke2 Re5 25. Qh1 Qg4+ 26. Kf1 Nf5 27. Qg2 Qxa4 28. Bd3 Nxe3+ 29. Rxe3 Rxe3 30. fxe3 Bxb2 31. Nd2 Bg7 32. Qe4 Qxe4 33. Bxe4 f5 34. Bd5+ Kh7 35. Nf3 Re8 36. Kf2 Kg6 37. Nd4 Re5 38. c4 h5 39. Rg1 g4 40. Nf3 Re7 41. Nh4+ Kf6 42. Rf1 Kg5 43. Ng2 Be5 44. Ke2 h4 45. Nf4 Bxf4 46. Rxf4 h3 47. Kf2 Re5 48. Rd4 Re8 49. Rd1 Kh4 50. Rd4 Rh8 51. Bh1 Rb8 52. Rf4 Kg5 53. Kg3 b5 54. e4 fxe4 55. Rxg4+ Kf6 56. Rf4+ Kg5 57. Rg4+ Kf5 58. Rf4+ Ke6 59. Rxe4+ Kd7 60. cxb5 Rxb5 61. Kxh3 d5 62. Rf4 Kd6 63. Kg3 Ke5 64. Rh4 c6 65. Kf2 Rb3 66. Ke2 Kd6 67. Kd2 Kc5 68. Kc2 Ra3 69. Rh5 Kc4 70. Rh6 c5 71. Rh5 d4 72. Bd5+ Kb4 73. Rh8 c4 74. Rb8+ Kc5 75. Be6 d3+ 76. Kd2 Ra2+ 77. Kd1 Kd4 78. Rd8+ Kc3 0-1


[Site "https://www.chess.com"]

[Event "Titled Tuesday Blitz June 28 Early 2022"]
[White "Richter, Nils"]
[Black "Sanchez, Robert"]
[WhiteFideId "12990809"]
[BlackFideId "2034360"]
[WhiteElo "2311"]
[BlackElo "2015"]
[Result "0-1"]
[Round "01"]
[TimeControl "180+1"]
[Date "2022.06.28"]
[WhiteClock "0:01:37"]
[BlackClock "0:01:14"]

1. Nf3 d5 2. g3 e6 3. Bg2 Be7 4. O-O Nf6 5. c4 O-O 6. b3 c6 7. Bb2 Nbd7 8. d3 b6 9. Nbd2 Bb7 10. e4 h6 11. e5 Nh7 12. h4 Nc5 13. Qe2 Re8 14. d4 Nd7 15. Rfe1 Bf8 16. Nf1 g6 17. N1h2 Bg7 18. Ng4 h5 19. Ne3 c5 20. cxd5 exd5 21. Rad1 cxd4 22. Bxd4 Nxe5 23. Nxe5 Bxe5 24. Qb2 Qf6 25. Bxe5 Rxe5 26. Nxd5 Rxe1+ 27. Rxe1 Qxb2 28. Ne7+ Kf8 29. Bxb7 Re8 30. Bc6 Rxe7 0-1


[Site "https://www.chess.com"]

[Event "Titled Tuesday Blitz June 28 Early 2022"]
[White "Riehle, Marco"]
[Black "Hamley, Ryan"]
[WhiteFideId "12904392"]
[BlackFideId "30959497"]
[WhiteElo "2462"]
[BlackElo "2475"]
[Result "1-0"]
[Round "01"]
[TimeControl "180+1"]
[Date "2022.06.28"]
[WhiteClock "0:02:31"]
[BlackClock "0:00:24"]

1. e4 e5 2. Nf3 Nc6 3. Bc4 Bc5 4. c3 Nf6 5. d4 exd4 6. cxd4 Bb4+ 7. Kf1 d5 8. exd5 Nxd5 9. Nc3 Bxc3 10. bxc3 O-O 11. Ng5 Bf5 12. Qf3 Nce7 13. Ba3 c6 14. Re1 Qd7 15. Bxd5 Nxd5 16. Bxf8 Rxf8 17. h3 h6 18. Ne4 Re8 19. Ng3 Be6 20. Kg1 Nb6 21. Kh2 Bxa2 22. Rxe8+ Qxe8 23. Ra1 Bd5 24. Qe3 Qb8 25. Qe5 Qc8 26. Nf5 1-0


[Site "https://www.chess.com"]

[Event "Titled Tuesday Blitz June 28 Early 2022"]
[White "Rom, Jasper"]
[Black "Madaminov, Mukhiddin"]
[WhiteFideId "2023733"]
[BlackFideId "14210703"]
[WhiteElo "2233"]
[BlackElo "1916"]
[Result "0-1"]
[Round "01"]
[TimeControl "180+1"]
[Date "2022.06.28"]
[WhiteClock "0:00:02"]
[BlackClock "0:00:06"]

1. e4 e6 2. d4 d5 3. Bd3 dxe4 4. Bxe4 Nf6 5. Bf3 Bd6 6. Ne2 O-O 7. O-O Nbd7 8. Nbc3 c6 9. Ng3 Bc7 10. Re1 a5 11. a4 Nd5 12. Nce4 e5 13. c4 Nb4 14. d5 cxd5 15. cxd5 Bb6 16. Nh5 h6 17. d6 Nc5 18. Nc3 Ncd3 19. Re2 Qxd6 20. Be3 Bf5 21. Ne4 Qd8 22. Rd2 Bxe3 23. fxe3 Rc8 24. Nhg3 Bg6 25. Be2 Bxe4 26. Nxe4 Qh4 27. Nd6 Qf2+ 28. Kh1 Rcd8 29. Bxd3 Qxe3 30. Nc4 Qf4 31. Bh7+ Kxh7 32. Rxd8 Rxd8 33. Qxd8 Qxc4 34. Qd2 Nd3 35. Qc3 Qd5 36. Rf1 e4 37. Qd2 f5 38. Qe3 Kg6 39. Qg3+ Kh7 40. Qh3 f4 41. Qg4 e3 42. Qe2 Qe4 43. h3 Ne5 44. Kh2 Ng6 45. Qb5 Nh4 46. Qh5 Qxg2# 0-1


[Site "https://www.chess.com"]

[Event "Titled Tuesday Blitz June 28 Early 2022"]
[White "Sadhwani, Raunak"]
[Black "Taboas Rodriguez, Daniel"]
[WhiteFideId "35093487"]
[BlackFideId "2208466"]
[WhiteElo "2616"]
[BlackElo "2429"]
[Result "1-0"]
[Round "01"]
[TimeControl "180+1"]
[Date "2022.06.28"]
[WhiteClock "0:02:12"]
[BlackClock "0:00:30"]

1. Nf3 Nf6 2. b3 g6 3. Bb2 Bg7 4. g3 b6 5. Bg2 Bb7 6. O-O O-O 7. c4 c5 8. d4 Ne4 9. Qc2 Na6 10. a3 d5 11. Rd1 dxc4 12. bxc4 Qc7 13. d5 Bxb2 14. Qxb2 Nd6 15. Nbd2 Rab8 16. e4 Bc8 17. e5 Nf5 18. Ne4 Qd8 19. d6 Bb7 20. dxe7 Qxe7 21. Nf6+ Kh8 22. Rd7 Qe6 23. Ng5 Qxc4 24. Bxb7 Nd4 25. Bd5 Qd3 26. Nxf7+ Rxf7 27. Rxf7 1-0


[Site "https://www.chess.com"]

[Event "Titled Tuesday Blitz June 28 Early 2022"]
[White "Sadykov, Ramil"]
[Black "Moussard, Jules"]
[WhiteFideId "24113590"]
[BlackFideId "642908"]
[WhiteElo "2226"]
[BlackElo "2589"]
[Result "0-1"]
[Round "01"]
[TimeControl "180+1"]
[Date "2022.06.28"]
[WhiteClock "0:00:02"]
[BlackClock "0:00:50"]

1. e4 c6 2. d4 d5 3. exd5 cxd5 4. Bd3 Nc6 5. c3 Nf6 6. Bf4 Bg4 7. Qb3 Na5 8. Qa4+ Bd7 9. Qc2 e6 10. Nf3 Be7 11. Ne5 Nc6 12. Nd2 Rc8 13. Qd1 Qb6 14. Rb1 Nxe5 15. dxe5 Ng8 16. Qe2 a6 17. O-O h6 18. Be3 Qc7 19. f4 Bc5 20. Nb3 Bxe3+ 21. Qxe3 Ne7 22. Qg3 g6 23. Nd4 Nc6 24. Nf3 Na5 25. Bxg6 Rg8 26. Bxf7+ Kxf7 27. Qh4 Rg6 28. Nd4 Rcg8 29. Qh5 Ke7 30. Rf2 Nc6 31. f5 exf5 32. Nxf5+ Bxf5 33. Qxf5 Qxe5 34. Qf7+ Kd6 35. Rd1 Rxg2+ 36. Rxg2 Rxg2+ 37. Kxg2 Qe2+ 38. Qf2 Qxd1 39. Qf8+ Kc7 40. Qxh6 Qc2+ 41. Kg3 Qxb2 42. Qf4+ Kb6 43. Qe3+ d4 44. cxd4 Qxd4 45. Qb3+ Kc7 46. h4 Ne5 47. Qc2+ Kd6 48. Qe2 Qg1+ 49. Kh3 Qh1+ 50. Kg3 b5 51. Qd2+ Ke6 52. Qh6+ Kd5 53. Qd2+ Ke4 54. Qe2+ Kd4 55. Qb2+ Ke4 56. Qe2+ Kf5 57. Qf2+ Kg6 58. Qc2+ Kf6 0-1


[Site "https://www.chess.com"]

[Event "Titled Tuesday Blitz June 28 Early 2022"]
[White "Sahil, Tickoo"]
[Black "Yaksin, Oleg"]
[WhiteFideId "5019710"]
[BlackFideId "24105880"]
[WhiteElo "2047"]
[BlackElo "2256"]
[Result "0-1"]
[Round "01"]
[TimeControl "180+1"]
[Date "2022.06.28"]
[WhiteClock "0:00:27"]
[BlackClock "0:00:12"]

1. d4 Nf6 2. c4 e6 3. Nc3 Bb4 4. Qc2 O-O 5. a3 Bxc3+ 6. Qxc3 d6 7. Nf3 Nbd7 8. Bg5 Re8 9. e3 e5 10. dxe5 dxe5 11. Rd1 h6 12. Bh4 Qe7 13. Be2 Nc5 14. b4 Nce4 15. Qc2 g5 16. Bg3 Nxg3 17. hxg3 Kg7 18. c5 Bg4 19. O-O Rad8 20. Rxd8 Rxd8 21. Rd1 Rxd1+ 22. Qxd1 Bxf3 23. Bxf3 b6 24. cxb6 cxb6 25. Qa4 e4 26. Be2 Qc7 27. Qb3 Qc1+ 28. Kh2 Qd2 29. Qd1 Qb2 30. b5 Qxa3 31. Qd2 Qa1 32. g4 Qe5+ 33. g3 Nd5 34. Kg2 Nc3 35. Bf1 Nxb5 36. Bxb5 Qxb5 37. Qd4+ Kg8 38. Qxe4 Qd7 39. Qa8+ Kg7 40. Qe4 b5 41. Qe5+ f6 42. Qc5 a5 43. e4 a4 44. e5 fxe5 45. Qxe5+ Kf7 46. Qe4 Kf6 47. Qf3+ Kg7 48. Qc3+ Kf7 49. Qf3+ Ke7 50. Qe2+ Kd6 51. Qd3+ Kc7 52. Qc3+ Qc6+ 0-1


[Site "https://www.chess.com"]

[Event "Titled Tuesday Blitz June 28 Early 2022"]
[White "Samsonkin, Artiom"]
[Black "Mendez Fortes, Eduardo Jesus"]
[WhiteFideId "13503111"]
[BlackFideId "3502376"]
[WhiteElo "2513"]
[BlackElo "2321"]
[Result "0-1"]
[Round "01"]
[TimeControl "180+1"]
[Date "2022.06.28"]
[WhiteClock "0:00:04"]
[BlackClock "0:01:13"]

1. d4 Nf6 2. Bf4 d5 3. e3 c5 4. c3 Nc6 5. Nf3 Qb6 6. Qc2 Bg4 7. Nbd2 e6 8. h3 Bf5 9. Bd3 Bxd3 10. Qxd3 c4 11. Qc2 Qa6 12. O-O b5 13. e4 Be7 14. Bg5 O-O 15. Ne5 dxe4 16. Bxf6 gxf6 17. Nxc6 Qxc6 18. Qxe4 Qxe4 19. Nxe4 f5 20. Nd2 Bd6 21. g4 fxg4 22. Ne4 Be7 23. hxg4 f5 24. gxf5 exf5 25. Nd2 Bd6 26. Rfe1 Rf6 27. Kf1 f4 28. a4 f3 29. axb5 Raf8 30. Nxc4 Rh6 31. Kg1 Rff6 32. Re8+ Kg7 33. Rxa7+ Rf7 34. Rxf7+ Kxf7 35. Nxd6+ Rxd6 36. Re3 Rf6 37. b6 Rxb6 38. Rxf3+ Kg6 39. b4 Rc6 40. d5 Rc4 41. Rd3 Kf7 42. d6 Ke8 43. Kf1 Kd7 44. Ke2 h5 45. Kd2 h4 46. Rh3 Rf4 47. Kd3 Kxd6 48. Ke3 Rc4 49. Kd3 Rf4 50. c4 Ke5 51. Re3+ Kd6 52. Re8 Rxf2 53. Rh8 Rf4 54. Rh6+ Kc7 55. b5 Rg4 56. Kc3 Rg3+ 57. Kb4 h3 58. Rh7+ Kd6 59. Rh6+ Kc7 60. b6+ Kb7 61. Kb5 Rb3+ 62. Kc5 Ka6 0-1


[Site "https://www.chess.com"]

[Event "Titled Tuesday Blitz June 28 Early 2022"]
[White "San, Thit Lwin"]
[Black "Maiorov, Nikita"]
[WhiteFideId "13001272"]
[BlackFideId "13501720"]
[WhiteElo "2232"]
[BlackElo "2417"]
[Result "0-1"]
[Round "01"]
[TimeControl "180+1"]
[Date "2022.06.28"]
[WhiteClock "0:01:05"]
[BlackClock "0:01:48"]

1. Nf3 d5 2. c4 e6 3. d4 Nf6 4. Nc3 a6 5. cxd5 exd5 6. Bg5 Be6 7. e3 Nbd7 8. Bd3 Bd6 9. Rc1 O-O 10. O-O c6 11. Qe2 Qb8 12. Rfd1 h6 13. Bh4 Re8 14. a3 Ng4 15. b4 Bxh2+ 16. Kf1 Bd6 17. Bb1 g5 18. Qc2 Ndf6 19. Bxg5 hxg5 20. Nxg5 Bg3 21. Rd2 Bxf2 22. Nd1 Bxe3 23. Re2 Bxg5 0-1


[Site "https://www.chess.com"]

[Event "Titled Tuesday Blitz June 28 Early 2022"]
[White "Sarkar, Justin"]
[Black "Dankhazi, Andras"]
[WhiteFideId "2010011"]
[BlackFideId "714267"]
[WhiteElo "2020"]
[BlackElo "2325"]
[Result "0-1"]
[Round "01"]
[TimeControl "180+1"]
[Date "2022.06.28"]
[WhiteClock "0:00:01"]
[BlackClock "0:00:33"]

1. d4 g6 2. c4 Bg7 3. e4 e6 4. Nc3 Ne7 5. Nf3 d5 6. e5 O-O 7. Be3 b6 8. cxd5 Nxd5 9. Nxd5 Qxd5 10. Be2 Nd7 11. O-O Bb7 12. Rc1 c5 13. dxc5 Nxe5 14. Qxd5 Bxd5 15. Nxe5 Bxe5 16. cxb6 axb6 17. Bxb6 Rxa2 18. Bc4 Bxc4 19. Rxc4 Rxb2 20. Bd4 Bxd4 21. Rxd4 Rc8 22. h4 Kg7 23. g3 Rcc2 24. Re4 Kf6 25. Rf4+ Kg7 26. Re4 Rd2 27. Re3 h6 28. Re4 Kf6 29. Rf4+ Kg7 30. Re4 g5 31. hxg5 hxg5 32. Re3 Kg6 33. Re4 Kf6 34. Re3 Kf5 35. Rf3+ Kg6 36. Re3 Kf6 37. Kg2 Ke7 38. Re4 f5 39. Re3 Kf6 40. Rf3 g4 41. Rc3 Kg5 42. Rc4 e5 43. Rc5 Kf6 44. Rc6+ Ke7 45. Rc5 Kd6 46. Ra5 f4 47. gxf4 exf4 48. Rf5 Rb4 49. Rf8 Ke7 50. Rf5 Ke6 51. Rf8 Re4 52. Re8+ Kf5 53. Rxe4 Kxe4 54. Re1+ Kf5 55. Kg1 Ra2 56. Re8 Rb2 57. Rf8+ Ke4 58. Kf1 Kf3 59. Ke1 Re2+ 0-1


[Site "https://www.chess.com"]

[Event "Titled Tuesday Blitz June 28 Early 2022"]
[White "Saveliev, Alexei"]
[Black "Oliveira, Jonathan De"]
[WhiteFideId "24128546"]
[BlackFideId "2180820"]
[WhiteElo "2281"]
[BlackElo "2075"]
[Result "0-1"]
[Round "01"]
[TimeControl "180+1"]
[Date "2022.06.28"]
[WhiteClock "0:00:02"]
[BlackClock "0:00:21"]

1. c4 e6 2. Nc3 d5 3. cxd5 exd5 4. d4 Nf6 5. Bg5 c6 6. Qc2 Nbd7 7. e3 Be7 8. Bd3 O-O 9. Nf3 Re8 10. O-O Nf8 11. Rab1 a5 12. a3 Ng6 13. b4 axb4 14. axb4 Bd6 15. b5 h6 16. Bxg6 hxg5 17. Bf5 g4 18. Nd2 g6 19. Bxc8 Rxc8 20. bxc6 bxc6 21. g3 Kg7 22. e4 dxe4 23. Ndxe4 Nxe4 24. Nxe4 Bb8 25. Rfd1 Qd5 26. Nc3 Qf3 27. Rd3 Qf5 28. Rbd1 Ba7 29. Na4 Bxd4 30. Qd2 c5 31. Nb6 Rcd8 32. Nc4 Bxf2+ 33. Kg2 Rxd3 34. Qxd3 Qxd3 35. Rxd3 Bd4 36. Rd2 Rb8 37. Rc2 Rb1 38. h3 Rg1+ 39. Kh2 gxh3 40. Kxh3 f5 41. Ra2 Kh6 42. Ra7 g5 43. Nd6 g4+ 44. Kh2 Re1 45. Nxf5+ Kg5 46. Nxd4 cxd4 47. Rd7 Re2+ 48. Kg1 Rd2 49. Kf1 Kf5 50. Ke1 Rd3 51. Ke2 Re3+ 52. Kf2 Ke4 53. Rg7 Rf3+ 54. Ke2 d3+ 55. Kd2 Rf2+ 56. Ke1 Re2+ 57. Kd1 Kf3 58. Rd7 Re3 59. Kd2 Kf2 60. Rd4 Rxg3 61. Rf4+ Kg2 62. Rf8 Kg1 63. Ke1 Rf3 64. Rg8 g3 65. Rg7 g2 66. Rg8 Rf1+ 67. Kd2 Rf2+ 68. Kxd3 Kf1 69. Rb8 g1=Q 70. Rb1+ Kg2 71. Rb8 Qd1+ 72. Ke4 Re2+ 73. Kf5 Qd5+ 74. Kg4 Re4# 0-1


[Site "https://www.chess.com"]